 Dungeon Crawl Stone Soup version 0.31-a0-1005-gfbdfbacc72 (webtiles) character file.

Game seed: 9947119300930078132

28 Azuregosa the Sneak (level 3, 26/26 HPs)
             Began as an Octopode Delver on Nov 11, 2023.
             Quit the game on level 4 of the Dungeon.
             The game lasted 00:01:36 (204 turns).

Azuregosa the Sneak (Octopode Delver)                Turns: 204, Time: 00:01:37

Health: 26/26      AC:  1    Str: 11    XL:     3   Next: 14%
Magic:  3/3        EV: 13    Int: 14    God:
Gold:   74         SH:  0    Dex: 13    Spells: 2/2 levels left

rFire   . . .        a - +0 mace
rCold   . . .        (no shield)
rNeg    . . .        (helmet restricted)
rPois   .            (no amulet)
rElec   .            (no ring)
rCorr   .            (no ring)
SInv    .            (no ring)
Will    .....        (no ring)
Stlth   ++++         (no ring)
HPRegen 0.24/turn    (no ring)
MPRegen 0.08/turn    (no ring)
                     (no ring)

%: no passive effects
@: no status effects
A: almost no armour, amphibious, 8 rings, camouflage 1, gelatinous body 1,
(nimble swimmer 1), tentacles
a: no special abilities


You were on level 4 of the Dungeon.
You visited 1 branch of the dungeon, and saw 2 of its levels.

You collected 74 gold pieces.

Inventory:

Hand Weapons
 a - a +0 mace (weapon)
Wands
 f - a wand of digging (3)
Scrolls
 b - a scroll of fog
 c - a scroll of vulnerability {unknown}
 d - a scroll of fear
 h - a scroll of poison {unknown}
Potions
 e - a potion of haste
 g - a potion of heal wounds {unknown}


   Skills:
 + Level 3.3 Fighting
 + Level 2.4 Maces & Flails
 + Level 2.4 Dodging
 + Level 6.9 Stealth


You had 2 spell levels left.
You didn't know any spells.
Your spell library was empty.

Dungeon Overview and Level Annotations

Branches:
Dungeon (5/15)
 Temple: D:4-7

Altars:
Makhleb
Nemelex Xobeh


Innate Abilities, Weirdness & Mutations

You cannot wear most types of armour.
You are amphibious.
You can wear up to eight rings at the same time.
Your skin changes colour to match your surroundings (Stealth+).
Your rubbery body absorbs attacks. (AC +1, EV +1)
((You are camouflaged when in or above water. (Stealth+)))
You have tentacles for arms and can constrict up to eight enemies at once.


Message History

You constrict the hound. The hound bites you.
You sock the hound!
The hound is severely wounded.
You constrict the hound. The hound bites you. x2
You sock the hound!
You kill the hound!
A kobold comes into view. It is wielding a +0 whip.
You have reached level 2!
You have reached level 3!
Your experience leads to an increase in your attributes!
Increase (S)trength, (I)ntelligence, or (D)exterity?
You feel clever. x2
A kobold is nearby!
Something unseen breaks down the door.
You miss the kobold. You grab the kobold. You constrict the kobold.
The kobold barely misses you.
You hit the kobold.
You kill the kobold!
You start resting.
HP restored.
A water moccasin comes into view.
Found a grey potion.
Things that are here:
a +0 whip; a stone; a kobold corpse You open the door.
There is an open door here.
Found 27 gold pieces.
Found a sparkling altar of Nemelex Xobeh.
Found 20 gold pieces.
Found 12 gold pieces.
You open the door.
There is an open door here.
You now have 18 gold pieces (gained 3).
You now have 30 gold pieces (gained 12).
You now have 42 gold pieces (gained 12).
You now have 57 gold pieces (gained 15).
You now have 74 gold pieces (gained 17).
There is a sparkling altar of Nemelex Xobeh here.
You curl up in front of the altar of Nemelex Xobeh.
Are you sure you want to abandon this character and quit the game? (Confirm with "yes".)

#......##.#.##.#
#......+..#.# .# .
#......#..#.# .###..
#......#..#.##....#+#
####..........###....
#..#######........
#..#.....#.#.#....
#..#.....#...# ..
#..#..@..'..##
#..#.....#.##
#..#.....#.#
#..#######...#
#...........##
#....####...# ######
#####


There were no monsters in sight!

Vanquished Creatures
  A hound (D:4)
  A kobold (D:4)
2 creatures vanquished.

Notes
Turn   | Place    | Note
-------+----------+-------------------------------------------
     0 | D:5      | Azuregosa the Octopode Delver began the quest for the Orb.
     0 | D:5      | Reached XP level 1. HP: 16/16 MP: 1/1
    25 | D:5      | Noticed a gnoll sergeant
    49 | D:5      | Noticed a water moccasin
    51 | D:5      | Noticed a black bear
    59 | D:4      | Noticed a hound
    64 | D:4      | Killed a hound
    65 | D:4      | Reached XP level 2. HP: 9/21 MP: 2/2
    65 | D:4      | Reached XP level 3. HP: 12/26 MP: 3/3
   140 | D:4      | Noticed a water moccasin
   169 | D:4      | Found a sparkling altar of Nemelex Xobeh.
   204 | D:4      | Quit the game

Illustrated notes

Levels and vault maps discovered:
D:4:      layout_basic, amcnicky_altar_gilded, uniq_edmund
D:5:      layout_basic, nicolae_ru_the_path_less_chosen, bloody_makhleb,
          uniq_menkaure, uniq_blork_the_orc, uniq_eustachio

Action                     || total
---------------------------++-------
  Melee: Mace              ||     6
         Constrict         ||     2
         Tentacles         ||     1
    Use: Scroll            ||     1
 Armour: Skin              ||     4
  Dodge: Dodged            ||     2

Table legend: (Time is in decaauts)
 A = Elapsed time spent in this place.
 B = Non-inter-level travel time spent in this place.
 C = Inter-level travel time spent in this place.
 D = Time resting spent in this place.
 E = Time spent auto-exploring this place.
 F = Levels seen in this place.
 G = Mean time per level.
                   A        B        C        D        E       F      G
               +--------+--------+--------+--------+--------+-----+--------+
         Total |    205 |    205 |      0 |     51 |     19 |   2 |  102.5 |
       Dungeon |    205 |    205 |      0 |     51 |     19 |   2 |  102.5 |
               +--------+--------+--------+--------+--------+-----+--------+

Top non-repeatable levels by time:
     D:4: 149 daAuts
     D:5: 56 daAuts
